 Dungeon Crawl Stone Soup version 0.24.0 (webtiles) character file.

Game seed: 11585015219869749266, levelgen mode: deterministic

42 RonnieColeman the Conjurer (level 3, 0/21 HPs)
             Began as an Octopode Conjurer on Jan 20, 2020.
             Killed from afar by a dart slug (8 damage)
             ... with a slug dart
             ... on level 2 of the Dungeon.
             The game lasted 00:02:03 (643 turns).

RonnieColeman the Conjurer (Octopode Conjurer)       Turns: 643, Time: 00:02:03

Health: 0/21       AC:  1    Str:  7    XL:     3   Next: 54%
Magic:  6/7        EV: 13    Int: 18    God:
Gold:   20         SH:  0    Dex: 12    Spells: 7/8 levels left

rFire    . . .     SeeInvis .   j - +0 spear
rCold    . . .     Gourm    .   (no shield)
rNeg     . . .     Faith    .   (helmet restricted)
rPois    .         Spirit   .   (no amulet)
rElec    .         Reflect  .   (no ring)
rCorr    .         Harm     .   (no ring)
MR       .....                  (no ring)
Stlth    +++.......             (no ring)
HPRegen  0.07/turn              (no ring)
MPRegen  0.10/turn              (no ring)
                                (no ring)
                                (no ring)

@: no status effects
A: almost no armour, stealthy swim, amphibious, 8 rings, constrict 8, camouflage
1, gelatinous body 1
a: no special abilities


You were on level 2 of the Dungeon.
You were not hungry.

You visited 1 branch of the dungeon, and saw 2 of its levels.

You collected 20 gold pieces.

Inventory:

Hand Weapons
 e - a +0 whip
 g - a +0 dagger
 j - a +0 spear (weapon)
Scrolls
 a - a scroll of remove curse {unknown}
 d - a scroll of fog {unknown}
 f - a scroll of teleportation {unknown}
 i - a scroll of amnesia {unknown}
Potions
 c - a potion of lignification {unknown}
 h - a potion of might {unknown}
Comestibles
 b - 4 rations


   Skills:
 - Level 2.0 Dodging
 - Level 2.6 Stealth
 * Level 3.1 Spellcasting
 + Level 4.4 Conjurations


You had 7 spell levels left.
You knew the following spells:

 Your Spells              Type           Power        Failure   Level  Hunger
a - Magic Dart            Conj           ###.         2%          1    None

Your spell library contained the following spells:

 Spells                   Type           Power        Failure   Level  Hunger
 Searing Ray              Conj           ###...       4%          2    ##.....
 Dazzling Spray           Conj/Hex       ##....       21%         3    ###....
 Iskenderun's Mystic Bla  Conj           ###.....     26%         4    ####...
 Force Lance              Conj/Tloc      ##......     54%         4    ####...
 Fulminant Prism          Conj/Hex       ##........   54%         4    ####...


Dungeon Overview and Level Annotations

Branches:
Dungeon (2/15)

Altars:

Annotations:
D:2 Sigmund


Innate Abilities, Weirdness & Mutations

You cannot wear most types of armour.
You are very stealthy in the water. (Stealth+)
You are amphibious.
You can wear up to eight rings at the same time.
You can use your tentacles to constrict eight enemies at once.
Your skin changes colour to match your surroundings (Stealth+).
Your rubbery body absorbs attacks. (AC +1, EV +1)


Message History

Aim: a dart slug (resting)
You reach to attack!
The helpless dart slug fails to defend itself.
You hit the dart slug.
The dart slug is moderately wounded.
You hit the dart slug but do no damage. You grab the dart slug.
The dart slug is moderately wounded.
You constrict the dart slug.
Sigmund shouts!
You hear a bark!
A jackal comes into view. x2
The dart slug barely misses you.
The jackal barks!
You hit the dart slug.
The dart slug is severely wounded.
You constrict the dart slug. Sigmund gestures at you while chanting.
The magic dart hits you! The dart slug launches a dart at you.
The slug dart hits you!
You die...

#........... .......
+........... .......
#........... ......
#........... .....
#........... #.).
#........... #...
#......†....
#...######...........
#..w@...##.####....##
#...###.##.#####.....
#..@ #.##.#.........
#... #....##.#......
..... #######'#......
###h.h #......(......
#... ##........)....
$... .............##
.............##


You could see Sigmund, a dart slug and 2 jackals.

Vanquished Creatures
  An adder (D:2)
  2 oozes (D:1)
  3 leopard geckos (D:1)
  4 goblins
  A hobgoblin (D:1)
  3 bats (D:1)
  2 frilled lizards
  2 kobolds
  6 rats
24 creatures vanquished.

Notes
Turn   | Place    | Note
-------+----------+-------------------------------------------
     0 | D:1      | RonnieColeman the Octopode Conjurer began the quest for the
                  | Orb.
     0 | D:1      | Reached XP level 1. HP: 11/11 MP: 3/3
   123 | D:1      | Reached XP level 2. HP: 13/17 MP: 3/5
   293 | D:1      | Reached XP level 3. HP: 19/21 MP: 2/7
   640 | D:2      | Noticed Sigmund
   643 | D:2      | Killed from afar by a dart slug

Levels and vault maps discovered:
D:1:      denvon_arrival_hothouse, layout_loops_ring
D:2:      layout_basic, nicolae_overflow_crystal_walls, uniq_sigmund
